 Dungeon Crawl Stone Soup version 0.19-a0-32-gbfd796a (webtiles) character file.

44 namelastname112 the Conjurer (level 3, -4/26 HPs)
             Began as a Draconian Conjurer on May 3, 2016.
             Slain by Crazy Yiuf
             ... wielding a +4 quarterstaff of chaos
              (12 damage)
             ... on level 2 of the Dungeon.
             The game lasted 00:02:32 (1363 turns).

namelastname112 the Conjurer (Draconian Conjurer)   Turns: 1363, Time: 00:02:33

Health: -4/26      AC:  6    Str: 10    XL:     3   Next: 39%
Magic:  2/7        EV: 12    Int: 16    God:
Gold:   57         SH:  0    Dex: 11    Spells: 2 memorised, 4 levels left

rFire  . . .     SeeInvis .     d - +0 short sword
rCold  . . .     Gourm    .     (armour unavailable)
rNeg   . . .     Faith    .     (no shield)
rPois  .         Spirit   .     (helmet restricted)
rElec  .         Dismiss  .     (no cloak)
rCorr  .         Reflect  .     (no gloves)
SustAt .         Harm     .     f - +0 pair of boots
MR     .....                    (no amulet)
Stlth  ++........               (no ring)
                                (no ring)

@: not resistant to hostile enchantments, unstealthy
A: unfitting armour, cold-blooded, AC +5
a: no special abilities


You were on level 2 of the Dungeon.
You were near starving.

You visited 1 branch of the dungeon, and saw 2 of its levels.

You collected 57 gold pieces.

Inventory:

Hand Weapons
 d - a +0 short sword (weapon)
Armour
 f - a +0 pair of boots (worn)
Potions
 e - a potion of curing {unknown}
Books
 a - a book of Conjurations

   Spells                             Type                      Level
   a - Magic Dart                     Conjuration                  1
   b - Searing Ray                    Conjuration                  2
   c - Dazzling Spray                 Conjuration/Hexes            3
   d - Fulminant Prism                Conjuration/Hexes            4
   e - Iskenderun's Mystic Blast      Conjuration                  4
   f - Iskenderun's Battlesphere      Conjuration/Charms           5
Comestibles
 b - a bread ration


   Skills:
 - Level 1.7 Dodging
 - Level 1.7 Stealth
 + Level 2.9 Spellcasting
 + Level 4.6 Conjurations


You had 4 spell levels left.
You knew the following spells:

 Your Spells              Type           Power        Failure   Level  Hunger
x - Searing Ray           Conj           ###...       6%          2    ##.....
z - Magic Dart            Conj           ###.         3%          1    #......


Dungeon Overview and Level Annotations

Branches:
Dungeon (2/15)

Altars:

Annotations:
D:2 Crazy Yiuf


Innate Abilities, Weirdness & Mutations

Your plain brown scales are hard (AC +5).
Your body does not fit into most forms of armour.
You are cold-blooded and may be slowed by cold attacks.


Message History

Crazy Yiuf screams, "Orb spinner sing!"
Found a scroll labeled BUEPRU IDOESI.
Crazy Yiuf cries, "Mama sallow poople!"
The kobold shouts!
Crazy Yiuf screams, "Papa snockshim high!"
Crazy Yiuf yells, "Goldfish!
Whippet hog aubergine."
Casting: Searing Ray
Confirm with . or Enter, or press ? or * to list all spells.
Aiming: Searing Ray
Press: ? - help, Shift-Dir - straight line, f/p - Crazy Yiuf
Aim: Crazy Yiuf, wielding a quarterstaff of chaos, wearing a cloak and carrying a wand of flame {empty} (moderately wounded)
The searing ray misses Crazy Yiuf.
You now have 4/7 mp.
The searing ray hits Crazy Yiuf.
Crazy Yiuf is heavily wounded.
You now have 3/7 mp.
The searing ray hits Crazy Yiuf.
Crazy Yiuf is severely wounded.
Crazy Yiuf hits you with a quarterstaff of chaos!
You die...

### ############# ##.##
#...........# #.#..
##########.#########.# ##.##
#.(........### #.# #g...
#.....)......# #.# #..##
#.##########.#######>#######..##
#.# #<...@gK..............
#.###### #..#######.##.#.##.)##
#.....[# #..# #.##.#รท##..#
#.####.# #).# #(##.#.##..# #.#
#.# #..# #.##.#.##..# #.# #.#
#..# ####.##.#.##..#
#.####.####..####....##.#.....#
#.<.....>.........#####.#.###.#
######......####..# ##.#.###.##


You could see Crazy Yiuf and a kobold.

Vanquished Creatures
  2 adders (D:2)
  An ooze (D:1)
  A dart slug (D:1)
  3 giant cockroaches (D:1)
  3 goblins
  3 hobgoblins
  2 kobolds (D:1)
  3 bats
  A rat (D:2)
19 creatures vanquished.

Notes
Turn   | Place    | Note
--------------------------------------------------------------
     0 | D:1      | namelastname112 the Draconian Conjurer began the quest for the Orb.
     0 | D:1      | Reached XP level 1. HP: 14/14 MP: 3/3
    88 | D:1      | Reached XP level 2. HP: 20/20 MP: 3/5
   147 | D:1      | Learned a level 2 spell: Searing Ray
   514 | D:2      | Noticed Crazy Yiuf
   784 | D:2      | Reached XP level 3. HP: 26/26 MP: 1/7
  1363 | D:2      | Slain by Crazy Yiuf

Vault maps used:
D:1:      dpeg_arrival_pits, minmay_misc_feat_five
D:2:      uniq_crazy_yiuf_cottage, uniq_iyjb, uniq_terence

Action                   || total
-------------------------++-------
Melee: Unarmed           ||    12
       Tailslap          ||     4
       Short sword       ||     6
 Cast: Magic Dart        ||    38
       Searing Ray       ||     2
  Use: Potion            ||     1
Armor: Skin              ||     4
Dodge: Dodged            ||    21
